 Dungeon Crawl Stone Soup version 0.22-a0-425-g89d60a1 (webtiles) character file.

22973 Mgcat the Warrior (level 12, -11/181 HPs)
             Began as a Pale Draconian Berserker on May 24, 2018.
             Was a High Priest of Trog.
             Mangled by an eight-headed hydra (15 damage)
             ... on level 3 of the Lair of Beasts.
             The game lasted 00:33:55 (13842 turns).

Mgcat the Warrior (Pale Draconian Berserker)       Turns: 13842, Time: 00:33:56

Health: -11/181    AC: 13    Str: 29    XL:     12   Next: 67%
Magic:  12/12      EV: 20    Int: 12    God:    Trog [*****.]
Gold:   654        SH:  0    Dex: 14    Spells: 11/11 levels left

rFire    . . .     SeeInvis +   E - +8 frozen axe "Frostbite" {freezing cloud, *Noise +Fly rC+}
rCold    + . .     Gourm    .   (shield currently unavailable)
rNeg     . . .     Faith    .   (armour unavailable)
rPois    .         Spirit   .   (helmet restricted)
rElec    .         Reflect  .   (no cloak)
rCorr    .         Harm     .   C - +2 pair of gloves {Str+3}
MR       .....                  t - +1 pair of boots
Stlth    ..........             y - amulet of magic regeneration
HPRegen  0.40/turn              o - ring of the Scavenger {+Fly Int+4 SInv}
MPRegen  0.38/turn              f - +4 ring of evasion

@: berserking, lethally poisoned (-11 -> -19), very quick
A: breathe steam, unfitting armour, cold-blooded, AC +8
a: Breathe Steam, Berserk, Trog's Hand, Brothers in Arms, Renounce Religion,
Evoke Flight


You were on level 3 of the Lair of Beasts.
You worshipped Trog.
Trog was extremely pleased with you.
You were very hungry.

You visited 2 branches of the dungeon, and saw 14 of its levels.

You collected 901 gold pieces.
You spent 247 gold pieces at shops.

Inventory:

Hand Weapons
 E - the +8 frozen axe "Frostbite" (weapon) {freezing cloud, *Noise +Fly rC+}
   (You found it on level 11 of the Dungeon)

   It has been specially enchanted to freeze those struck by it, causing extra
   injury to most foes and up to half again as much damage against particularly
   susceptible opponents.
   It can also slow down cold-blooded creatures.
   It protects you from cold.
   It lets you fly.
   It may make noises in combat.
Missiles
 a - 4 throwing nets {=f, !d}
Armour
 t - a +1 pair of boots (worn)
   (You found it on level 6 of the Dungeon)
 C - a +2 pair of gloves of strength (worn)
   (You bought it in a shop on level 8 of the Dungeon)
Jewellery
 f - a +4 ring of evasion (right hand)
   (You found it on level 11 of the Dungeon)
 l - an uncursed ring of positive energy {rN+}
   (You took it off a crimson imp on level 5 of the Dungeon)
 o - the ring of the Scavenger (left hand) {+Fly Int+4 SInv}
   (You acquired it on level 1 of the Lair of Beasts)

   [ring of flight]

   It affects your intelligence (+4).
   It lets you see invisible.
   It lets you fly.
 y - an amulet of magic regeneration (around neck)
   (You found it on level 5 of the Dungeon)
Wands
 p - a wand of clouds (8)
   (You found it on level 2 of the Dungeon)
 q - a wand of iceblast (5)
   (You found it on level 5 of the Dungeon)
 u - a wand of polymorph (9)
   (You found it on level 11 of the Dungeon)
 x - a wand of flame (103)
   (You found it on level 5 of the Dungeon)
 F - a wand of digging (10)
   (You found it on level 1 of the Lair of Beasts)
Scrolls
 c - 5 scrolls of remove curse
 d - 16 scrolls of teleportation
 i - 5 scrolls of magic mapping {!r}
 r - a scroll of amnesia {unknown}
 z - 2 scrolls of blinking {!r}
 G - a scroll of identify
Potions
 g - 2 potions of flight
 h - a potion of ambrosia
 j - a potion of haste
 k - a potion of invisibility
 m - 4 potions of curing
 n - a potion of heal wounds
 s - 2 potions of agility
 v - a potion of mutation {!q}
 w - a potion of brilliance
 B - a potion of lignification {!q}
 D - a potion of resistance {unknown}
Miscellaneous
 e - a phial of floods
   (You found it on level 11 of the Dungeon)
Comestibles
 b - 35 rations
 A - a chunk of flesh {@w0}


   Skills:
 + Level 15.4 Fighting
 + Level 14.3 Axes
 + Level 6.3 Dodging


You had 11 spell levels left.
You didn't know any spells.
Your spell library was empty.

Dungeon Overview and Level Annotations

Branches:
Dungeon (11/15)            Temple (0/1) D:4            Lair (3/6) D:10
    Orc (0/2) D:9
  Swamp: Lair:2-4    Shoals: Lair:2-4     Snake: Lair:2-4    Spider: Lair:2-4

Altars:
Ashenzari
Cheibriados
Dithmenos
Gozag
Qazlal
Sif Muna
Trog
Wu Jian
Zin
The Shining One

Shops:
D:8 [

Annotations:
D:4 Grinder


Innate Abilities, Weirdness & Mutations

You can breathe blasts of scalding, opaque steam.
Your pale cyan-grey scales are hard. (AC +8)
You cannot fit into any form of body armour.
You are cold-blooded and may be slowed by cold attacks.


Message History

Your iron troll rages.
There is an open door, spattered with blood here.
Things that are here:
a short sword; a robe Your iron troll falls through a shaft!
The shaft crumbles and collapses.
There is a stone staircase leading up here.
Done exploring.
Done exploring.
Done exploring.
Done exploring.
Done exploring.
Done exploring.
Done exploring.
(D) Dungeon (T) Temple (L) Lair (O) Orcish Mines
Where to? (Enter - Lair:2, ? - help)
What level of the Lair of Beasts? (default 1, ? - help)
There is a stone staircase leading down here.
You climb downwards.
Found a scroll labeled XOELLI OSHRAW.
Found a stone staircase leading down.
There is a stone staircase leading up here.
Marking area around the four-headed hydra as unsafe for travelling.
A hydra and a hippogriff come into view.
Unknown command.
Unknown command.
Unknown command.
Unknown command.
Unknown command.
A spiny frog comes into view.
The spiny frog stings the plant but does no damage.
You see here a scroll labeled XOELLI OSHRAW.
You slice the hippogriff!! You freeze the hippogriff.
You tail-slap the hippogriff.
The hippogriff is severely wounded.
You chop the fungus into pieces!!! You freeze the fungus!
You destroy the fungus!
The four-headed hydra bites you! x4; The hippogriff bites you.
The hippogriff barely misses you.
The hippogriff claws you but does no damage.
You slash the hippogriff! You freeze the hippogriff.
You kill the hippogriff!
Trog accepts your kill.
You slice one of the four-headed hydra's heads off!
The three-headed hydra grows two more!
You slice the five-headed hydra!! You freeze the five-headed hydra!
The five-headed hydra closely misses you.
The five-headed hydra bites you.
The five-headed hydra closely misses you.
The five-headed hydra barely misses you.
The five-headed hydra bites you!
You chop one of the five-headed hydra's heads off!
The four-headed hydra grows two more!
You slash the six-headed hydra! You freeze the six-headed hydra.
You hear ice groaning.
You tail-slap the six-headed hydra.
The six-headed hydra is heavily wounded.
You hear a croak.
The six-headed hydra misses you. The six-headed hydra barely misses you.
The six-headed hydra bites you! The six-headed hydra misses you.
The six-headed hydra closely misses you. x2
You lop one of the six-headed hydra's heads off!
The five-headed hydra grows two more!
You slice the seven-headed hydra!!
The seven-headed hydra seems to slow down.
You freeze the seven-headed hydra.
The seven-headed hydra is severely wounded.
The seven-headed hydra completely misses you. x2
The seven-headed hydra bites you!
The seven-headed hydra closely misses you.
The seven-headed hydra bites you.
The seven-headed hydra closely misses you.
The seven-headed hydra bites you!
* * * LOW HITPOINT WARNING * * *
A red film seems to cover your vision as you go berserk!
You feel yourself moving faster!
You feel mighty!
You are feeling very hungry.
The spiny frog stings you!
* * * LOW HITPOINT WARNING * * *
You are poisoned.
The spiny frog poisons you!
The seven-headed hydra bites you but does no damage.
The seven-headed hydra bites you.
* * * LOW HITPOINT WARNING * * *
The seven-headed hydra bites you!
* * * LOW HITPOINT WARNING * * *
The seven-headed hydra misses you. The seven-headed hydra bites you!
* * * LOW HITPOINT WARNING * * *
The seven-headed hydra barely misses you.
The seven-headed hydra bites you!
* * * LOW HITPOINT WARNING * * *
You slice one of the seven-headed hydra's heads off!
The six-headed hydra grows two more!
You slice the eight-headed hydra!! You freeze the eight-headed hydra.
The eight-headed hydra is almost dead.
You completely miss the spiny frog.
* * * LOW HITPOINT WARNING * * *
You feel sick.
The eight-headed hydra is no longer moving slowly.
The spiny frog misses you. The eight-headed hydra misses you.
The eight-headed hydra bites you!
You die...

#.........
......... ..
......... ###.#
#......... .....
#........##....P
#........P...... .
#.......†.......
..##....>.@DP..#
...........F#.####
..................
..................
..................
.......<..........
..................
..................
.##.#...#.###.PP.#


You could see an eight-headed hydra and a spiny frog.

Vanquished Creatures
  Harold (Lair:1)
  An ice dragon (D:11)
  An unseen horror (D:11)
  An ugly thing (D:11)
  A cyclops (D:11)
  3 black mambas (Lair:1)
  3 spiny frogs
  A centaur skeleton (D:11)
  2 rime drakes (D:11)
  3 komodo dragons
  3 polar bears (D:11)
  6 hippogriffs
  4 wyverns
  36 yaks
  2 basilisks (Lair:1)
  A hungry ghost (D:10)
  Menkaure (D:4)
  3 water moccasins
  An acid dragon (D:11)
  2 hell hounds (D:10)
  Duvessa (D:4)
  10 orc warriors
  3 eyes of draining
  7 sky beasts
  A black bear (D:7)
  An ice beast (D:11)
  A necrophage (D:7)
  3 phantoms
  3 wolves (Lair:2)
  2 ogres
  3 centaurs
  2 crocodiles
  3 big kobolds
  9 bullfrogs
  A gnoll sergeant (D:6)
  Dowan (D:4)
  4 scorpions (D:5)
  9 killer bees (D:11)
  12 wights
  An electric eel (Lair:2)
  A howler monkey (D:7)
  A centaur zombie (D:7)
  3 crimson imps
  2 jellies
  7 orc priests
  5 hounds
  4 bullfrog skeletons
  2 iguanas
  13 worker ants
  12 orc wizards
  2 hound skeletons
  Robin (D:4)
  12 gnolls
  17 adders
  A howler monkey skeleton (D:9)
  3 shadow imps
  2 oozes
  4 dart slugs
  5 leopard geckos
  53 orcs
  2 ball pythons (D:7)
  11 giant cockroaches
  8 goblins
  8 hobgoblins
  10 jackals
  17 kobolds
  4 quokkas
  15 bats
  5 frilled lizards
  A quokka skeleton (D:6)
  7 rats
  5 fungi
  A plant (Lair:2)
397 creatures vanquished.

Vanquished Creatures (collateral kills)
  2 hydras
  A spriggan (Lair:2)
  A hell rat (Lair:2)
4 creatures vanquished.

Vanquished Creatures (others)
  Eustachio (D:6)
  A kobold (D:11)
  2 fungi (D:5)
4 creatures vanquished.

Grand Total: 405 creatures vanquished

Notes
Turn   | Place    | Note
-------+----------+-------------------------------------------
     0 | D:1      | Mgcat the Draconian Berserker began the quest for the Orb.
     0 | D:1      | Reached XP level 1. HP: 19/19 MP: 1/1
   120 | D:1      | Reached XP level 2. HP: 19/26 MP: 2/2
   546 | D:1      | Reached skill level 4 in Fighting
   551 | D:1      | Reached ** piety under Trog
   624 | D:1      | Reached XP level 3. HP: 33/33 MP: 3/3
   988 | D:2      | Reached skill level 4 in Axes
  1318 | D:2      | Reached XP level 4. HP: 36/41 MP: 4/4
  1359 | D:2      | Found a deep blue altar of Sif Muna.
  1873 | D:3      | Reached skill level 5 in Fighting
  1874 | D:3      | Found a snail-covered altar of Cheibriados.
  1879 | D:3      | Reached XP level 5. HP: 20/48 MP: 5/5
  2061 | D:3      | Found a bloodstained altar of Trog.
  2061 | D:3      | Noticed an eye of draining
  2087 | D:3      | Killed an eye of draining
  2087 | D:3      | Reached skill level 5 in Axes
  2087 | D:3      | Noticed an eye of draining
  2098 | D:3      | Killed an eye of draining
  2098 | D:3      | Reached skill level 6 in Fighting
  2098 | D:3      | Reached XP level 6. HP: 55/57 MP: 0/6
  2742 | D:4      | Reached *** piety under Trog
  2755 | D:4      | Found a staircase to the Ecumenical Temple.
  2830 | D:4      | Noticed Menkaure
  2838 | D:4      | Killed Menkaure
  2838 | D:4      | Reached skill level 6 in Axes
  2838 | D:4      | Your scales start taking on a pale cyan-grey colour.
  2838 | D:4      | Reached XP level 7. HP: 64/64 MP: 7/7
  2885 | D:4      | Noticed Robin
  2908 | D:4      | Killed Robin
  3031 | D:4      | Noticed Grinder
  3218 | D:4      | Noticed Duvessa
  3218 | D:4      | Noticed Dowan
  3226 | D:4      | Killed Duvessa
  3226 | D:4      | Reached skill level 7 in Fighting
  3234 | D:4      | Killed Dowan
  3253 | D:4      | Found a bloodstained altar of Trog.
  3253 | D:4      | Found an opulent altar of Gozag.
  3316 | D:4      | Received a gift from Trog
  3670 | D:5      | Entered Level 5 of the Dungeon
  3696 | D:5      | Reached skill level 7 in Axes
  3783 | D:5      | Reached XP level 8. HP: 45/74 MP: 8/8
  3868 | D:5      | Reached skill level 8 in Fighting
  4355 | D:5      | Reached skill level 8 in Axes
  4533 | D:5      | Reached skill level 9 in Fighting
  5081 | D:6      | Noticed Eustachio
  5105 | D:6      | Killed Eustachio
  5448 | D:6      | Reached **** piety under Trog
  5453 | D:6      | Reached XP level 9. HP: 83/85 MP: 9/9
  5487 | D:6      | Reached skill level 9 in Axes
  5631 | D:6      | Reached skill level 10 in Fighting
  5701 | D:6      | HP: 18/85 [orc warrior/battleaxe (8)]
  5975 | D:6      | Found a glowing silver altar of Zin.
  5975 | D:6      | Found a shattered altar of Ashenzari.
  6468 | D:7      | Reached skill level 10 in Axes
  6616 | D:7      | Reached skill level 11 in Fighting
  7227 | D:7      | Found an ornate altar of the Wu Jian Council.
  7291 | D:7      | Reached XP level 10. HP: 81/95 MP: 10/10
  7424 | D:7      | Found a stormy altar of Qazlal.
  7668 | D:8      | Reached ***** piety under Trog
  7712 | D:8      | Found a shadowy altar of Dithmenos.
  7728 | D:8      | Found a glowing golden altar of the Shining One.
  7957 | D:8      | Found Vuazame's Armour Emporium.
  8006 | D:8      | Bought a +1 pair of gloves of strength for 247 gold pieces
  8430 | D:9      | Reached skill level 11 in Axes
  8610 | D:9      | Reached skill level 12 in Fighting
  8703 | D:9      | Found a staircase to the Orcish Mines.
  9212 | D:10     | Entered Level 10 of the Dungeon
  9428 | D:10     | Found a deep blue altar of Sif Muna.
  9435 | D:10     | Found a staircase to the Lair.
  9619 | D:10     | Received a gift from Trog
  9640 | D:10     | Reached skill level 12 in Axes
  9999 | D:11     | Reached skill level 13 in Fighting
 10165 | D:11     | Noticed a cyclops
 10177 | D:11     | HP: 22/100 [cyclops (21)]
 10179 | D:11     | Killed a cyclops
 10179 | D:11     | Reached XP level 11. HP: 23/106 MP: 11/11
 10484 | D:11     | Killed an unseen horror
 11099 | D:11     | Noticed a green ugly thing
 11111 | D:11     | Killed a green ugly thing
 11111 | D:11     | Reached skill level 14 in Fighting
 11111 | D:11     | Reached skill level 13 in Axes
 11130 | D:11     | Noticed an ice dragon
 11140 | D:11     | Found the +8 frozen axe "Frostbite" {freezing cloud, *Noise +Fly rC+}
 11169 | D:11     | Killed an ice dragon
 11534 | D:11     | Reached skill level 3 in Dodging
 11959 | Lair:1   | Entered Level 1 of the Lair of Beasts
 12046 | Lair:1   | Reached skill level 4 in Dodging
 12050 | Lair:1   | Reached XP level 12. HP: 92/118 MP: 12/12
 12351 | Lair:1   | Reached skill level 5 in Dodging
 12425 | Lair:1   | Reached skill level 15 in Fighting
 12536 | Lair:1   | Noticed a seven-headed hydra
 12541 | Lair:1   | Killed a nine-headed hydra
 12641 | Lair:1   | You fall through a shaft!
 12649 | Lair:2   | Reached skill level 14 in Axes
 12941 | Lair:1   | Noticed Harold
 12956 | Lair:1   | Killed Harold
 13123 | Lair:1   | Identified a scroll of acquirement
 13124 | Lair:1   | Got a coiled jade ring
 13126 | Lair:1   | Identified the ring of the Scavenger {+Fly Int+4 SInv} (You acquired it on level 1 of the Lair of Beasts)
 13460 | Lair:2   | Reached skill level 6 in Dodging
 13687 | Lair:2   | Noticed a six-headed hydra
 13693 | Lair:2   | Killed a six-headed hydra
 13833 | Lair:3   | Noticed a four-headed hydra
 13841 | Lair:3   | HP: 40/181 [seven-headed hydra (6)]
 13841 | Lair:3   | HP: 19/181 [seven-headed hydra (8)]
 13841 | Lair:3   | HP: 6/181 [seven-headed hydra (13)]
 13842 | Lair:3   | Mangled by an eight-headed hydra

Vault maps used:
D:1:      minmay_arrival_loop, hex_large
D:2:      led_sif_pool
D:3:      marbit_many_paths, first_ration, trog_eyes_of_draining
D:4:      grunt_temple_overflow_open, minmay_temple_entry_purple_smoke,
          uniq_duvessa, uniq_robin, uniq_menkaure, uniq_grinder
D:5:      old_forge
D:6:      gammafunk_temple_overflow_pools, hangedman_glass_teeth, uniq_eustachio
D:7:      overflow_temple_1_default, kennysheep_little_box, grunt_ogre_cave
D:8:      amethyst_overflow_temple_binary, serial_shops, shop
D:9:      orc_0_dummy
D:10:     minmay_lair_entry_lava, basic_altar
D:11:     minmay_coctagon
Lair:1:   cheibrodos_lair_river_kwai, serial_bayou_shore_b, uniq_harold
Lair:2:   grunt_forest_large_clearing_hut
Lair:3:   gammafunk_lair_enchanted_lake, swamp_mist_pool,
          minmay_snake_entry_guardpost_small, lemuel_fruit_tree,
          serial_bayou_shore_b

Skill      XL: |  1  2  3  4  5  6  7  8  9 10 11 12 |
---------------+-------------------------------------+-----
Fighting       | 4 5 6 7 9 11 13 14 15 | 15.4
Axes           | 4 5 6 7 8 10 12 13 14 | 14.3
Dodging        | 4 6 |  6.3

Action                   |  1- 3 |  4- 6 |  7- 9 | 10-12 || total
-------------------------+-------+-------+-------+-------++-------
Melee: Hand axe          |   102 |   145 |   429 |       ||   676
       Tailslap          |     8 |    14 |    99 |   118 ||   239
       War axe           |       |       |    22 |   407 ||   429
       Battleaxe         |       |       |   102 |       ||   102
       Executioner's axe |       |       |       |   137 ||   137
Invok: Berserk           |       |     4 |    12 |    11 ||    27
       Trog's Hand       |       |     1 |     3 |     2 ||     6
       Brothers in Arms  |       |       |     1 |     2 ||     3
 Abil: Breathe Steam     |       |       |     2 |       ||     2
Evoke: Wand              |       |       |       |     6 ||     6
  Use: Scroll            |       |       |    13 |    12 ||    25
       Potion            |       |       |       |     4 ||     4
 Stab: Sleeping          |     1 |     1 |     1 |     3 ||     6
       Held in net/web   |       |       |     1 |       ||     1
       Distracted        |       |       |     1 |       ||     1
       Invisible         |       |       |       |     7 ||     7
  Eat: Chunk             |     1 |     8 |    29 |    32 ||    70
       Ration            |       |       |       |     1 ||     1
Armor: Skin              |    44 |    35 |   183 |   167 ||   429
Dodge: Dodged            |    67 |    59 |   275 |   415 ||   816
Block: Buckler           |     7 |    20 |    40 |       ||    67

Table legend:
 A = Spawn XP
 B = Non-spawn XP
 C = Spawn XP percentage of total XP
 D = Spawn monster count
 E = Non-spawn monster count
 F = Spawn count percentage of total count
 G = Total turns spent on level
                    A         B        C        D         E        F      G
               +---------+---------+-------+---------+---------+-------+---------
         Total |       0 |   32819 |   0.0 |       0 |     396 |   0.0 | 13842
               +---------+---------+-------+---------+---------+-------+---------
           D:1 |       0 |      48 |   0.0 |       0 |      26 |   0.0 |   826
           D:2 |       0 |      49 |   0.0 |       0 |      11 |   0.0 |   705
           D:3 |       0 |     405 |   0.0 |       0 |      24 |   0.0 |  1059
           D:4 |       0 |     636 |   0.0 |       0 |      30 |   0.0 |  1080
           D:5 |       0 |    1206 |   0.0 |       0 |      38 |   0.0 |  1375
           D:6 |       0 |    1725 |   0.0 |       0 |      53 |   0.0 |  1309
           D:7 |       0 |    1678 |   0.0 |       0 |      35 |   0.0 |  1154
           D:8 |       0 |     803 |   0.0 |       0 |      11 |   0.0 |   897
           D:9 |       0 |    1067 |   0.0 |       0 |      16 |   0.0 |   815
          D:10 |       0 |    2539 |   0.0 |       0 |      33 |   0.0 |   760
          D:11 |       0 |    9149 |   0.0 |       0 |      64 |   0.0 |  1979
        Lair:1 |       0 |    9347 |   0.0 |       0 |      34 |   0.0 |  1099
        Lair:2 |       0 |    3917 |   0.0 |       0 |      20 |   0.0 |   773
        Lair:3 |       0 |     250 |   0.0 |       0 |       1 |   0.0 |    11
               +---------+---------+-------+---------+---------+-------+---------

Vault maps used:
D:1:      minmay_arrival_loop, hex_large
D:2:      led_sif_pool
D:3:      marbit_many_paths, first_ration, trog_eyes_of_draining
D:4:      grunt_temple_overflow_open, minmay_temple_entry_purple_smoke,
          uniq_duvessa, uniq_robin, uniq_menkaure, uniq_grinder
D:5:      old_forge
D:6:      gammafunk_temple_overflow_pools, hangedman_glass_teeth, uniq_eustachio
D:7:      overflow_temple_1_default, kennysheep_little_box, grunt_ogre_cave
D:8:      amethyst_overflow_temple_binary, serial_shops, shop
D:9:      orc_0_dummy
D:10:     minmay_lair_entry_lava, basic_altar
D:11:     minmay_coctagon
Lair:1:   cheibrodos_lair_river_kwai, serial_bayou_shore_b, uniq_harold
Lair:2:   grunt_forest_large_clearing_hut
Lair:3:   gammafunk_lair_enchanted_lake, swamp_mist_pool,
          minmay_snake_entry_guardpost_small, lemuel_fruit_tree,
          serial_bayou_shore_b

Table legend:
 A = Turns spent in this place as a percentage of turns spent in the entire game.
 B = Non-inter-level travel turns spent in this place as a percentage of non-inter-level travel turns spent in the entire game.
 C = Inter-level travel turns spent in this place as a percentage of turns spent in this place.
 D = Turns resting spent in this place as a percentage of non-inter-level travel turns spent in this place.
 E = Turns spent auto-exploring this place as a percentage of non-inter-level travel turns spent in this place.
 F = Non-inter-level travel turns spent in this place divided by the number of levels of this place that you've seen.
                   A       B       C       D       E      F
               +-------+-------+-------+-------+-------+----------------------
         Total | 100.0 | 100.0 |   4.1 |   3.4 |  75.7 | 947.8
       Dungeon |  86.4 |  86.2 |   4.3 |   3.9 |  74.6 | 1040.1
          Lair |  13.6 |  13.8 |   2.9 |   0.0 |  82.5 | 609.3
               +-------+-------+-------+-------+-------+----------------------

Table legend:
 A = Kills in this place as a percentage of kills in entire the game.
 B = Kills by you in this place as a percentage of kills by you in the entire game.
 C = Kills by friends in this place as a percentage of kills by friends in the entire game.
 D = Other kills in this place as a percentage of other kills in the entire game.
 E = Experience gained in this place as a percentage of experience gained in the entire game.
 F = Experience gained in this place divided by the number of levels of this place that you have seen.
                   A       B       C       D       E      F
               +-------+-------+-------+-------+-------+----------------------
         Total | 100.0 | 100.0 | 100.0 | 100.0 | 100.0 | 2344.2
       Dungeon |  86.1 |  87.0 |   0.0 | 100.0 |  58.8 | 1755.0
          Lair |  13.9 |  13.0 | 100.0 |   0.0 |  41.2 | 4504.7
               +-------+-------+-------+-------+-------+----------------------
